 Dungeon Crawl Stone Soup version 0.19-a0-1111-gcceb26a (webtiles) character file.

535 rageheart7 the Fighter (level 7, 0/62 HPs)
             Began as a Human Wanderer on Aug 10, 2016.
             Was a Follower of Okawaru.
             Slain by a sky beast (6 damage)
             ... on level 4 of the Dungeon.
             The game lasted 00:08:34 (4449 turns).

rageheart7 the Fighter (Human Wanderer)             Turns: 4449, Time: 00:08:34

Health: 0/62       AC:  5    Str: 17    XL:     7   Next: 50%
Magic:  7/7        EV: 10    Int: 11    God:    Okawaru [*.....]
Gold:   197        SH:  2    Dex: 11    Spells: 0 memorised, 6 levels left

rFire  . . .     SeeInvis .     v - -1 whip (curse)
rCold  . . .     Gourm    .     g - +0 leather armour (curse)
rNeg   . . .     Faith    .     (no shield)
rPois  .         Spirit   .     t - +1 helmet
rElec  .         Dismiss  .     (no cloak)
rCorr  .         Reflect  +     (no gloves)
SustAt .         Harm     .     (no boots)
MR     .....                    m - +2 amulet of reflection
Stlth  +.........               (no ring)
                                s - +4 ring of evasion

@:
A: no striking features
a: Heroism, Renounce Religion


You were on level 4 of the Dungeon.
You worshipped Okawaru.
Okawaru was aware of your devotion.
You were not hungry.

You visited 1 branch of the dungeon, and saw 5 of its levels.

You collected 197 gold pieces.

Inventory:

Hand Weapons
 a - a +2 hand crossbow
 v - a cursed -1 whip (weapon)
Missiles
 b - 83 bolts
Armour
 g - a cursed +0 leather armour (worn)
 t - a +1 helmet (worn)
Jewellery
 m - a +2 amulet of reflection (around neck)
 s - a +4 ring of evasion (left hand)
Scrolls
 e - 3 scrolls of amnesia
 o - 4 scrolls of identify
Potions
 i - a potion of flight
Comestibles
 d - 3 meat rations
 f - 3 bread rations
 h - 2 beef jerkies
 l - a slice of pizza


   Skills:
 * Level 8.0 Fighting
 - Level 2.9 Crossbows
 - Level 1.0 Throwing
 - Level 2.0 Armour
 - Level 1.0 Dodging
   Level 1.0 Shields


You had 6 spell levels left.
You didn't know any spells.

Dungeon Overview and Level Annotations

Branches:
Dungeon (5/15)
 Temple: D:4-7

Altars:
Ashenzari
Okawaru
The Shining One


Message History

The sky beast is lightly wounded.
The sky beast hits you.
* * * LOW HITPOINT WARNING * * *
The sky beast shocks you.
* * * LOW HITPOINT WARNING * * *
You hit the sky beast but do no damage.
The sky beast is lightly wounded.
The sky beast hits you but does no damage.
You hit the sky beast.
The sky beast is moderately wounded.
The sky beast flickers out of sight!
Deactivating autopickup; reactivate with Ctrl-A.
Something hits you but does no damage. Something hits you but does no damage.
You climb upwards.
There is a stone staircase leading down here.
Something hits you.
* * * LOW HITPOINT WARNING * * *
Something shocks you.
You die...

##### ###########
#.... #.........#
#.... #.....)...#
#....
#.........#####....
#..................
#.........#####....
##.........### #....
#..@.........# #....
#...{......#(# #....
#..........#.# #...<
#..........#.######.
#..........#....# ##
##........#####.## #
##....[...## #..###
#........).#####...#
#.....ยงยง......####.#


There were no monsters in sight!

Vanquished Creatures
  The ghost of daryashkoh the Insei, an amateur MfTm (D:4)
  An ogre (D:4)
  A howler monkey (D:4)
  An orc priest (D:4)
  A hound (D:4)
  An orc wizard (D:4)
  An iguana (D:4)
  2 hound skeletons (D:4)
  5 adders
  An ooze (D:2)
  2 adder skeletons (D:4)
  2 worms (D:2)
  2 dart slugs
  A giant gecko (D:4)
  15 orcs
  A ball python (D:1)
  4 giant cockroaches
  7 goblins
  6 hobgoblins
  4 quokkas
  6 bats
  A giant gecko skeleton (D:5)
  2 giant newts (D:1)
  7 kobolds
  4 rats
79 creatures vanquished.

Notes
Turn   | Place    | Note
-------+----------+-------------------------------------------
     0 | D:1      | rageheart7 the Human Wanderer began the quest for the Orb.
     0 | D:1      | rageheart7 set off with: a +2 hand crossbow, 23 bolts, a potion of curing, a potion of lignification, a +0 robe, a bread ration
     0 | D:1      | Reached XP level 1. HP: 19/19 MP: 1/1
    80 | D:1      | Reached XP level 2. HP: 15/25 MP: 2/2
   718 | D:1      | Reached XP level 3. HP: 20/30 MP: 3/3
  1570 | D:2      | Reached XP level 4. HP: 28/38 MP: 4/4
  1812 | D:2      | Found a glowing golden altar of the Shining One.
  2149 | D:3      | Found an iron altar of Okawaru.
  2166 | D:3      | Became a worshipper of Warmaster Okawaru
  2856 | D:4      | Reached skill level 5 in Fighting
  2856 | D:4      | Reached XP level 5. HP: 26/44 MP: 5/5
  2949 | D:4      | Noticed an ogre
  2972 | D:4      | Killed an ogre
  2972 | D:4      | Reached * piety under Okawaru
  2972 | D:4      | Reached skill level 6 in Fighting
  2972 | D:4      | Reached XP level 6. HP: 10/53 MP: 6/6
  2993 | D:4      | Found a shattered altar of Ashenzari.
  3324 | D:4      | Reached skill level 7 in Fighting
  3332 | D:4      | Noticed daryashkoh's ghost (amateur MfTm)
  3702 | D:4      | Killed daryashkoh's ghost
  3702 | D:4      | Reached XP level 7. HP: 43/61 MP: 7/7
  4032 | D:4      | Reached ** piety under Okawaru
  4038 | D:4      | Reached skill level 8 in Fighting
  4145 | D:5      | Entered Level 5 of the Dungeon
  4449 | D:4      | Slain by a sky beast

Vault maps used:
D:1:      tarquinn_simple_flora_water_f
D:2:      tso_metal_star
D:3:      nicolae_overflow_crystal_walls
D:4:      evilmike_ruin_ashenzari
D:5:      lemuel_round_altar, old_standard_altar, serial_shops, shop_fountains,
          first_bread, grunt_decor_resistance, kennysheep_nondescript,
          nicolae_ru_sacrificial_ziggurat, uniq_menkaure, uniq_duvessa

Skill      XL: |  1  2  3  4  5  6  7 |
---------------+----------------------+-----
Crossbows      | 2 |  2.9
Fighting       | 5 6 7 8 |  8.0
Throwing       | |  1.0
Armour         | |  2.0
Dodging        | |  1.0
Shields        | |  1.0

Action                   |  1- 3 |  4- 6 |  7- 9 || total
-------------------------+-------+-------+-------++-------
Melee: Club              |   106 |    25 |       ||   131
       Whip              |       |       |    33 ||    33
 Fire: Hand crossbow     |    35 |   111 |    18 ||   164
  Use: Potion            |     3 |     4 |       ||     7
       Scroll            |       |       |     9 ||     9
  Eat: Chunk             |     2 |     7 |     2 ||    11
Armor: Leather armour    |    53 |    15 |    13 ||    81
       Skin              |    32 |    12 |       ||    44
Dodge: Dodged            |   103 |    52 |    15 ||   170
Block: Other             |       |     4 |     3 ||     7
